 Dungeon Crawl Stone Soup version 0.29-a0-1043-g569b05d6ff (webtiles) character file.

Game seed: 9099667246176719674

23885 drugrobin the Cleaver (level 12, 0/106 HPs)
             Began as a Demigod Delver on Aug 15, 2022.
             Slain by a bog body (20 damage)
             ... on level 3 of the Lair of Beasts on Aug 16, 2022.
             The game lasted 00:39:21 (18354 turns).

drugrobin the Cleaver (Demigod Delver)             Turns: 18354, Time: 00:39:21

Health: 0/106      AC: 17    Str: 25    XL:     12   Next: 42%
Magic:  0/15       EV: 11    Int: 19    God:
Gold:   925        SH:  0    Dex: 15    Spells: 11/11 levels left

rFire   + + .      SeeInvis .   a - +0 broad axe (elec)
rCold   . . .      Faith    .   (no shield)
rNeg    . . .      Spirit   +   O - +3 ring mail {rF+}
rPois   .          Reflect  .   B - +1 helmet {Int+3}
rElec   .          Harm     .   J - +0 cloak
rCorr   .          Rampage  .   s - +2 pair of gloves
Will    +....                   D - +2 pair of boots
Stlth   ++........              w - amulet of guardian spirit
HPRegen 0.27/turn               L - ring of protection from fire
MPRegen 0.14/turn               (no ring)

@: slowed, very slow
A: high MP 1, forlorn, divine attributes
a: no special abilities


You were on level 3 of the Lair of Beasts.
You visited 3 branches of the dungeon, and saw 15 of its levels.
You also visited: Bailey.

You collected 1305 gold pieces.
You spent 380 gold pieces at shops.

Inventory:

Hand Weapons
 a - a +0 broad axe of electrocution (weapon)
 b - a +3 sling
 c - a +0 war axe
 P - a +0 hand axe of flaming
Missiles
 l - 34 poisoned darts
 R - 5 javelins
 S - a throwing net
 Y - a boomerang (quivered)
Armour
 o - the +0 scale mail of Tyimage {rCorr Dex+5}
   (You found it on level 7 of the Dungeon)

   Dex:       It affects your dexterity (+5).
   rCorr:     It protects you from acid and corrosion.
 s - a +2 pair of gloves (worn)
 B - a +1 helmet of intelligence (worn)
 D - a +2 pair of boots (worn)
 J - a +0 cloak (worn)
 O - a +3 ring mail of fire resistance (worn)
Jewellery
 w - an amulet of guardian spirit (around neck)
 F - an amulet of reflection
 L - a ring of protection from fire (left hand)
 W - a ring of positive energy
 X - a ring of positive energy
Wands
 g - a wand of digging (8)
 j - a wand of paralysis (3)
 y - a wand of iceblast (12)
 M - a wand of polymorph (10)
 N - a wand of flame (11)
Scrolls
 d - 4 scrolls of magic mapping
 e - 4 scrolls of fear
 h - 15 scrolls of identify {unknown}
 k - 8 scrolls of teleportation {unknown}
 n - 3 scrolls of amnesia {unknown}
 p - 4 scrolls of blinking {unknown}
 q - a scroll of silence {unknown}
 t - a scroll of noise {unknown}
 v - a scroll of fog
 x - 4 scrolls of enchant weapon {unknown}
 z - 2 scrolls of enchant armour {unknown}
 C - a scroll of torment {unknown}
 E - 2 scrolls of butterflies {unknown}
 H - a scroll of brand weapon {unknown}
 Q - a scroll of immolation {unknown}
 U - a scroll of poison {unknown}
Potions
 f - 3 potions of haste
 i - 2 potions of invisibility
 m - 5 potions of mutation {unknown}
 r - 3 potions of flight {unknown}
 u - 6 potions of heal wounds
 A - 4 potions of magic {unknown}
 G - 6 potions of curing
 I - 5 potions of attraction
 K - a potion of ambrosia {unknown}
 T - a potion of berserk rage
Miscellaneous
 V - a box of beasts


   Skills:
 + Level 10.2 Fighting
 + Level 14.4 Axes
 - Level 1.7 Dodging
 - Level 4.5 Stealth
 - Level 10.0 Evocations


You had 11 spell levels left.
You didn't know any spells.
Your spell library contained the following spells:

 Spells                   Type           Power      Damage    Failure   Level
 Apportation              Tloc           0%         N/A       32%         1
 Freeze                   Ice            0%         1d3       32%         1
 Necrotise                Necr           0%         1d4       32%         1
 Summon Small Mammal      Summ           0%         N/A       32%         1
 Ensorcelled Hibernation  Hex/Ice        0%         N/A       43%         2
 Frozen Ramparts          Ice            0%         1d1       67%         3
 Spider Form              Tmut/Pois      0%         N/A       67%         3
 Anguish                  Hex/Necr       0%         N/A       97%         4
 Corpse Rot               Necr/Pois/Air  0%         N/A       97%         4
 Dispel Undead            Necr           0%         3d6       97%         4
 Hailstorm                Conj/Ice       0%         3d3       97%         4
 Passage of Golubria      Tloc           0%         N/A       97%         4
 Silence                  Hex/Air        0%         N/A       100%        5
 Death Channel            Necr           0%         N/A       100%        6
 Lehudib's Crystal Spear  Conj/Erth      0%         10d2      100%        8


Dungeon Overview and Level Annotations

Branches:
Dungeon (10/15)            Temple (0/1) D:4            Lair (3/5) D:10
 Spider (0/4) Lair:2          Orc (2/2) D:9          Bailey (visited)
  Swamp: Lair:2-3    Shoals: Lair:2-3       Elf: Orc:2

Shops:
D:1 (   D:4 !   D:5 (   D:7 [

Annotations:
D:6 exclusion: door
D:7 Pikel


Innate Abilities, Weirdness & Mutations

You have an increased reservoir of magic. (+10% MP)
You shall have no god before yourself.
Your divine heritage dramatically boosts your attributes as you level up.


Message History

You throw a boomerang. The boomerang hits the bog body!
The bog body is lightly damaged.
Unknown command.
The bog body casts a spell at you. The bolt of cold hits you!!
The bog body touches you but does no damage.
You completely miss the bog body.
The bog body is lightly damaged.
The bog body touches you. The bog body freezes you!!
You barely miss the bog body.
The bog body is lightly damaged.
The bog body points at you and mumbles some strange words.
You feel yourself slow down.
You barely miss the bog body.
The bog body is lightly damaged.
The bog body gestures at you while chanting.
The bolt of cold hits you!
* * * LOW HITPOINT WARNING * * *
Unknown command.
Unknown command.
Unknown command.
You closely miss the bog body.
The bog body is lightly damaged.
The bog body closely misses you.
A bog body comes into view.
The bog body misses you.
Unknown command.
Unknown command.
Unknown command.
Unknown command.
Unknown command.
Unknown command.
Unknown command.
Unknown command.
You closely miss the bog body.
The bog body is lightly damaged.
The bog body touches you!
* * * LOW HITPOINT WARNING * * *
The bog body freezes you!!
You die...

##### # #### ######
#...#########.P ##.###.##.#
#†.†........... ...##.....#
#..............
..........###...@..........
.####.....##.....n.........
#.#.#......................
.~†.††#....................
~~~~~..#..............n....
.≈≈≈~~##................⌠⌠.
.≈≈≈≈.#..##.P..........♣..♣
.~~~~..#..#............♣..♣
...~~.#....D..........♣♣ .♣


You could see 2 bog bodies.

Vanquished Creatures
  Gastronok (Lair:1)
  Harold (Lair:1)
  2 vault guards (Bailey)
  A boulder beetle (D:10)
  2 two-headed ogres
  An oklob plant (Lair:2)
  Joseph (D:7)
  4 elephants
  6 cane toads
  A rime drake (Lair:3)
  An unseen horror (D:10)
  5 komodo dragons
  2 trolls
  A hornet (D:10)
  Prince Ribbit (Bailey)
  5 dream sheep (Lair:3)
  A jumping spider (Lair:2)
  A wraith (D:10)
  A culicivora (Lair:2)
  A shadow (D:8)
  19 yaks
  6 humans (Bailey)
  A redback (Lair:2)
  A steam dragon (Lair:3)
  Grum (D:10)
  2 basilisks (Lair:1)
  A warg (Orc:1)
  Duvessa (D:6)
  13 water moccasins
  11 orc warriors
  3 black bears
  A sky beast (D:7)
  3 centaurs
  4 wolves
  3 phantoms
  4 kobold brigands
  A necrophage (D:5)
  18 bullfrogs
  4 scorpions
  4 wights (D:7)
  6 killer bees (D:8)
  Dowan (D:6)
  3 howler monkeys (D:7)
  A jelly (D:6)
  8 orc priests
  Crazy Yiuf (D:6)
  3 hounds
  6 iguanas
  17 orc wizards
  Robin (D:1)
  2 adders (D:5)
  5 gnolls
  2 shadow imps
  A white imp (D:8)
  An ufetubus (D:5)
  4 worms
  2 dart slugs
  39 orcs
  10 endoplasms
  4 giant cockroaches
  12 goblins
  14 hobgoblins
  6 jackals
  22 kobolds
  3 quokkas
  11 ball pythons
  6 bats
  6 frilled lizards
  4 rats (D:1)
  A bush (Lair:2)
342 creatures vanquished.

Vanquished Creatures (others)
  A black bear (D:6)
  A hound (D:6)
  3 adders (D:6)
  An orc (D:10)
  A demonic plant (D:1)
  70 fungi
  67 plants
  3 withered plants (D:1)
147 creatures vanquished.

Grand Total: 489 creatures vanquished

Notes
Turn   | Place    | Note
-------+----------+-------------------------------------------
     0 | D:5      | drugrobin the Demigod Delver began the quest for the Orb.
     0 | D:5      | Reached XP level 1. HP: 18/18 MP: 3/3
   145 | D:3      | Reached skill level 2 in Axes
   456 | D:2      | Reached XP level 2. HP: 25/25 MP: 4/4
   841 | D:1      | Reached skill level 3 in Axes
  1033 | D:1      | Found Jyink's Antique Weapon Emporium.
  1051 | D:1      | Reached XP level 3. HP: 30/30 MP: 5/5
  1587 | D:2      | Noticed Robin
  1690 | D:2      | Reached skill level 4 in Axes
  1837 | D:1      | Killed Robin
  1838 | D:1      | Reached XP level 4. HP: 36/37 MP: 6/6
  2740 | D:3      | Noticed a +0 falchion
  2740 | D:3      | Noticed a +0 falchion
  2741 | D:3      | Noticed a +0 spear
  2741 | D:3      | Noticed a +0 spear
  2742 | D:3      | Noticed a +0 dagger
  2744 | D:3      | Noticed a +0 short sword
  2744 | D:3      | Noticed a +0 dagger
  2744 | D:3      | Noticed a +0 short sword
  2796 | D:3      | Reached skill level 5 in Axes
  2796 | D:3      | Reached XP level 5. HP: 30/42 MP: 7/7
  3014 | D:4      | Found Eppaehir's Distillery.
  3017 | D:4      | Bought a potion of degeneration for 10 gold pieces
  3017 | D:4      | Bought a potion of heal wounds for 50 gold pieces
  3017 | D:4      | Bought a potion of curing for 30 gold pieces
  3017 | D:4      | Bought a potion of berserk rage for 50 gold pieces
  3017 | D:4      | Bought a potion of attraction for 30 gold pieces
  3123 | D:4      | Found a staircase to the Ecumenical Temple.
  3181 | D:4      | Noticed an ogre
  3785 | D:5      | Reached skill level 6 in Axes
  3785 | D:5      | Reached XP level 6. HP: 46/50 MP: 8/8
  4182 | D:5      | Reached skill level 7 in Axes
  4308 | D:5      | Found Obumiasi's Weapon Shop.
  4434 | D:6      | Reached XP level 7. HP: 50/56 MP: 6/9
  4598 | D:6      | Found a runed translucent door.
  4599 | D:6      | Noticed Crazy Yiuf
  4662 | D:6      | Reached skill level 8 in Axes
  4909 | D:6      | Noticed Duvessa
  4909 | D:6      | Noticed Dowan
  4925 | D:6      | Killed Duvessa
  4930 | D:6      | Killed Dowan
  5627 | D:7      | Noticed Pikel
  5704 | D:7      | Reached skill level 9 in Axes
  5704 | D:7      | Reached skill level 1 in Evocations
  5711 | D:7      | Reached XP level 8. HP: 61/62 MP: 10/10
  5936 | D:7      | Found Emnyshrau's Antique Armour Shoppe.
  6178 | D:1      | Bought a runed broad axe for 210 gold pieces
  6626 | D:7      | Noticed Joseph
  6659 | D:7      | Killed Joseph
  6908 | D:7      | Identified the +0 scale mail of Tyimage {rCorr Dex+5}
  7146 | D:7      | Reached skill level 10 in Axes
  7598 | D:6      | Killed Crazy Yiuf
  7698 | D:8      | Found a flagged portal.
  7796 | Bailey   | Entered a bailey
  7907 | Bailey   | Reached skill level 5 in Evocations
  7907 | Bailey   | Reached XP level 9. HP: 68/68 MP: 11/11
  8054 | Bailey   | Noticed Prince Ribbit
  8059 | Bailey   | Reached skill level 11 in Axes
  8060 | Bailey   | Noticed a vault guard
  8109 | Bailey   | Killed Prince Ribbit
  8220 | Bailey   | Killed a vault guard
  8505 | Bailey   | Noticed a vault guard
  8538 | Bailey   | Killed a vault guard
  8539 | Bailey   | Reached XP level 10. HP: 51/80 MP: 7/13
  9395 | D:8      | Reached skill level 5 in Fighting
  9906 | D:7      | Reached skill level 12 in Axes
 10462 | D:9      | Noticed a two-headed ogre
 10486 | D:9      | Killed a two-headed ogre
 11747 | D:9      | Found a staircase to the Orcish Mines.
 11762 | Orc:1    | Entered Level 1 of the Orcish Mines
 11869 | Orc:1    | Noticed a two-headed ogre
 11894 | Orc:1    | Killed a two-headed ogre
 11895 | Orc:1    | Reached XP level 11. HP: 37/91 MP: 4/14
 12233 | Orc:2    | Entered Level 2 of the Orcish Mines
 12237 | Orc:2    | Noticed an orc knight
 12284 | Orc:2    | Noticed an orc warlord
 12467 | D:10     | Entered Level 10 of the Dungeon
 12777 | D:10     | Identified the +10 arbalest of Jywonomo {flame, Contam
                  | +Blink rC+++ Str-2}
 12962 | D:10     | Noticed a boulder beetle
 13176 | D:10     | Killed a boulder beetle
 13357 | D:10     | Found a staircase to the Lair.
 14424 | Lair:1   | Entered Level 1 of the Lair of Beasts
 14756 | Lair:1   | Reached skill level 13 in Axes
 14887 | Lair:1   | Noticed Gastronok
 15022 | Lair:1   | Killed Gastronok
 15032 | Lair:1   | Noticed Grum
 15042 | Lair:1   | Reached skill level 10 in Evocations
 15113 | D:10     | Killed Grum
 15118 | Lair:1   | Noticed Harold
 15131 | Lair:1   | Killed Harold
 16331 | Lair:2   | Reached XP level 12. HP: 60/103 MP: 11/15
 16783 | Lair:2   | Found a hole to the Spider Nest.
 17718 | Lair:2   | Identified the +6 dagger "Moesel" {antimagic, Dex+5}
 17807 | Lair:3   | Reached skill level 14 in Axes
 18280 | Lair:3   | Reached skill level 10 in Fighting
 18309 | Lair:3   | Noticed a five-headed hydra
 18354 | Lair:3   | Slain by a bog body

Illustrated notes

Levels and vault maps discovered:
D:1:      ncdulo_watergridlock, layout_rooms, serial_shops,
          nicolae_shop_temple_entry_statues_fountains,
          shapermc_ecumenical_altar_gd
D:2:      layout_basic, uniq_robin
D:3:      layout_rooms, nicolae_uskayaw_en_pointe,
          nicolae_overflow_hidden_temple
D:4:      layout_cave_pods, old_standard_altar, minmay_temple_entry_tees,
          serial_shops, kennysheep_mini_moat
D:5:      layout_rooms, mainiacjoe_overflow_tiny_flanked,
          chequers_temple_overflow_statue_of_worship, serial_shops,
          kennysheep_little_box, nicolae_titane
D:6:      layout_loops_ring, xom_confusion_cloud, uniq_crazy_yiuf_cottage,
          uniq_duvessa
D:7:      layout_layer_cave, grunt_temple_overflow_open, serial_shops,
          nicolae_shop_competitors_out_of_business, uniq_pikel, uniq_joseph
D:8:      layout_cave_pools, enter_bailey_2
D:9:      layout_loops_ring, david_orc_4
D:10:     layout_rooms, due_lair_maze_entry_diamond, nicolae_hexahallways,
          nzn_sisyphean_effort
Lair:1:   layout_hall_layers, uniq_gastronok, uniq_grum, uniq_harold
Lair:2:   layout_long_grid, spider_nest_entry_funnel_web,
          minmay_lair_oklob_items
Lair:3:   layout_gridlike, nicolae_swamp_entry_splash_gauntlet,
          nicolae_lair_lil_pond, infiniplex_staircase_pool_2
Orc:1:    layout_diamond_mine
Orc:2:    kennysheep_orc_mage_school, layout_caves, basic_altar,
          nicolae_shop_self_help

Skill      XL: |  1  2  3  4  5  6  7  8  9 10 11 12 |
---------------+-------------------------------------+-----
Axes           | 2 3 4 5 6 7 9 10 11 12 13 14 | 14.4
Evocations     | 1 5 7 8 10 | 10.0
Fighting       | 4 6 8 10 | 10.2
Dodging        | |  1.7
Stealth        | |  4.5

Action                   |  1- 3 |  4- 6 |  7- 9 | 10-12 || total
-------------------------+-------+-------+-------+-------++-------
Melee: Hand axe          |   136 |       |     2 |       ||   138
       Punch             |     2 |     2 |     1 |     8 ||    13
       War axe           |    35 |   167 |    71 |       ||   273
       Broad axe         |       |       |   148 |   642 ||   790
 Fire: Sling             |     4 |       |     3 |     8 ||    15
Throw: Stone             |    12 |     2 |    13 |       ||    27
       Dart              |       |    10 |    15 |    13 ||    38
       Throwing net      |       |       |     1 |     4 ||     5
       Javelin           |       |       |       |    15 ||    15
       Boomerang         |       |       |       |     6 ||     6
Evoke: Wand              |       |       |    19 |     5 ||    24
  Use: Potion            |       |       |     3 |     1 ||     4
       Scroll            |       |       |       |     1 ||     1
 Stab: Sleeping          |     1 |       |       |     2 ||     3
       Distracted        |       |       |     1 |     1 ||     2
       Held in net/web   |       |       |       |     3 ||     3
       Paralysed         |       |       |       |     2 ||     2
Armor: Leather armour    |    10 |       |       |       ||    10
       Chain mail        |   121 |   114 |    68 |       ||   303
       Ring mail         |       |       |    92 |   353 ||   445
       Skin              |       |       |     3 |       ||     3
       Scale mail        |       |       |       |     1 ||     1
Dodge: Dodged            |    87 |    64 |   156 |   320 ||   627

Table legend: (Time is in decaauts)
 A = Elapsed time spent in this place.
 B = Non-inter-level travel time spent in this place.
 C = Inter-level travel time spent in this place.
 D = Time resting spent in this place.
 E = Time spent auto-exploring this place.
 F = Levels seen in this place.
 G = Mean time per level.
                   A        B        C        D        E       F      G
               +--------+--------+--------+--------+--------+-----+--------+
         Total |  18469 |  17593 |    876 |   4741 |   8857 |  16 | 1154.3 |
       Dungeon |  12990 |  12239 |    751 |   2677 |   6739 |  10 | 1299.0 |
          Lair |   3914 |   3796 |    118 |   1207 |   1818 |   3 | 1304.7 |
  Orcish Mines |    553 |    546 |      7 |    248 |    146 |   2 |  276.5 |
        Bailey |   1012 |   1012 |      0 |    609 |    154 |   1 | 1012.0 |
               +--------+--------+--------+--------+--------+-----+--------+

Top non-repeatable levels by time:
     D:9: 2135 daAuts
  Lair:2: 2088 daAuts
     D:7: 1851 daAuts
     D:8: 1463 daAuts
    D:10: 1458 daAuts
  Lair:1: 1432 daAuts
     D:6: 1278 daAuts
     D:2: 1017 daAuts
  Bailey: 1012 daAuts
     D:1: 1000 daAuts
     D:3: 969 daAuts
     D:5: 946 daAuts
     D:4: 869 daAuts
   Orc:1: 542 daAuts
  Lair:3: 392 daAuts
